 Dungeon Crawl Stone Soup version 0.14-a0-2964-g8dc6adb (webtiles) character file.

1281 Badjas the Firebug (level 8, 0/63 HPs)
             Began as a Naga Fire Elementalist on Mar 5, 2014.
             Was a Priest of Cheibriados.
             Slain by Pikel
             ... wielding a +0,+0 whip of flaming
              (4 damage)
             ... on Level 7 of the Dungeon.
             The game lasted 01:08:21 (6129 turns).

Badjas the Firebug (Naga Fire Elementalist)         Turns: 6129, Time: 01:08:22

HP   0/63        AC  6     Str 19      XL: 8   Next: 28%
MP   1/19        EV 12     Int 25      God: Cheibriados [***...]
Gold 212         SH  0     Dex 20      Spells:  4 memorised,  5 levels left

rFire  . . .     SeeInvis +     (no weapon)
rCold  . . .     Clarity  .     k - +2 robe "Gais" {rN+ SInv}
rNeg   + . .     Conserve .     (no shield)
rPois  +         rCorr    .     I - +0 helmet
rElec  .         rRot     .     (no cloak)
SustAb . .       Spirit   .     (no gloves)
rMut   +         Warding  .     (no barding)
Saprov . . .     Stasis   .     j - amulet of resist mutation
MR     +....                    (no ring)
                                s - ring of flight

@: very slightly contaminated, very slow, somewhat resistant to hostile
enchantments, quite stealthy
A: spit poison, see invisible, deformed body, poison resistance, slowness 2, AC
+2
a: Spit Poison, Bend Time, Temporal Distortion, Renounce Religion, Evoke Flight


You were on level 7 of the Dungeon.
You worshipped Cheibriados.
Cheibriados was most pleased with you.
You were hungry.

You visited 2 branches of the dungeon, and saw 8 of its levels.

You collected 212 gold pieces.

Inventory:

Hand weapons
 u - a +0,+1 vampiric whip
 D - a cursed -3,-3 sling
 K - a +2,+1 short sword of holy wrath
 L - a +1,+2 great sword
Armour
 a - a +0 robe
 k - the +2 robe "Gais" (worn) {rN+ SInv}
   (You found it on level 6 of the Dungeon)

   It protects you from negative energy.
   It enhances your eyesight.
 G - a +0 orcish ring mail
 I - a +0 helmet (worn)
Magical devices
 y - a wand of digging (4)
Comestibles
 c - 4 bread rations
 w - 14 sultanas
 A - an apple
 E - 3 meat rations
Scrolls
 d - a scroll of random uselessness {unknown}
 h - 9 scrolls of identify
 i - 2 scrolls of enchant weapon I {unknown}
 m - a scroll of remove curse
 n - a scroll of teleportation {unknown}
 r - 5 scrolls of noise {unknown}
 B - a scroll of magic mapping {unknown}
 C - 2 scrolls of immolation {unknown}
Jewellery
 e - an uncursed amulet of stasis
 j - an amulet of resist mutation (around neck)
 s - a ring of flight (left hand)
Potions
 f - a potion of restore abilities
 g - a potion of resistance
 l - a potion of confusion {unknown}
 o - a potion of lignification {unknown}
 p - a potion of brilliance {unknown}
 t - a potion of cure mutation {unknown}
 v - a potion of paralysis
 z - a potion of speed {unknown}
 F - a potion of berserk rage {unknown}
Books
 b - a book of Flames

   Spells                             Type                      Level
   *Flame Tongue                      Conjuration/Fire             1
   *Throw Flame                       Conjuration/Fire             2
   *Conjure Flame                     Conjuration/Fire             3
   Inner Flame                        Hexes/Fire                   3
   Sticky Flame                       Conjuration/Fire             4
   *Fireball                          Conjuration/Fire             5
Magical staves
 q - an uncursed staff of conjuration


   Skills:
 + Level 0.4 Fighting
 + Level 3.8 Dodging
 + Level 4.3 Stealth
 + Level 4.8 Spellcasting
 + Level 3.9 Conjurations
 + Level 5.6 Fire Magic
 * Level 0.9 Invocations
 + Level 1.0 Evocations


You had 5 spell levels left.
You knew the following spells:

 Your Spells              Type           Power        Failure   Level  Hunger
a - Flame Tongue          Conj/Fire      ####.        1%          1    None
b - Throw Flame           Conj/Fire      ####..       1%          2    None
c - Conjure Flame         Conj/Fire      ####....     4%          3    ##.....
d - Fireball              Conj/Fire      ####......   38%         5    #####..


Dungeon Overview and Level Annotations

Branches:
Dungeon (7/16)             Temple (1/1) D:6

Altars:
Ashenzari
Cheibriados
Dithmenos
Elyvilon
Fedhas
Kikubaaqudgha
Makhleb
Nemelex Xobeh
Okawaru
Sif Muna
Trog
Vehumet
Xom
Yredelemnul
Zin
The Shining One

Annotations:
D:7 Pikel


Innate Abilities, Weirdness & Mutations

You cannot wear boots.
You can spit poison.
Your serpentine skin is tough (AC +2).
You have supernaturally acute eyesight.
Armour fits poorly on your strangely shaped body.
Your system is resistant to poisons.
You cover ground very slowly.


Message History

Cheibriados reduces the support of your attributes as your movement quickens.
The slave hits you.
* * * LOW HITPOINT WARNING * * *
Pikel hits you but does no damage.
A centaur skeleton comes into view.
Use which ability? (? or * to list)
Okay, then.
Drink which item? (? for menu, Esc to quit)
You feel better. The slave hits you. Pikel hits you with a whip of flaming.
* * * LOW HITPOINT WARNING * * *
Pikel burns you.
* * * LOW HITPOINT WARNING * * *
You barely miss the slave.
The slave is almost dead.
The slave hits you but does no damage. The slave hits you.
* * * LOW HITPOINT WARNING * * *
Pikel hits you with a whip of flaming!
* * * LOW HITPOINT WARNING * * *
Pikel burns you.
You die...

... .......... #.........#
#.........# #.........#
#.........# . #.........#
.....#######.........######
.....?..[K@.....[..........
.........@@.....<..........
..........................
......................<...
....%.....................
.........................
........................
.......................
.......>............


You could see Pikel and 2 slaves.

Vanquished Creatures
  An orc warrior (D:6)
  An ice beast (D:7)
  2 slaves (D:7)
  2 ogres
  Duvessa (D:6)
  A water moccasin (D:7)
  Dowan (D:6)
  A hound (D:6)
  2 orc priests (D:6)
  A jelly (D:6)
  3 iguanas
  2 scorpions
  An orc wizard (D:6)
  A sky beast zombie (D:5)
  10 adders
  2 green rats (D:6)
  2 giant mites
  A worm (D:2)
  2 iguana skeletons
  6 giant geckos
  11 orcs
  9 hobgoblins
  3 jackals (D:2)
  2 oozes
  A ball python (D:2)
  16 bats
  6 giant cockroaches
  8 giant newts
  8 goblins
  16 kobolds
  An orc zombie (D:5)
  10 rats
134 creatures vanquished.

Vanquished Creatures (others)
  A goblin (D:6)
1 creature vanquished.

Grand Total: 135 creatures vanquished

Notes
Turn   | Place    | Note
--------------------------------------------------------------
     0 | D:1      | Badjas, the Naga Fire Elementalist, began the quest for the Orb.
     0 | D:1      | Reached XP level 1. HP: 15/15 MP: 3/3
   277 | D:1      | Reached XP level 2. HP: 22/22 MP: 4/4
   650 | D:1      | Learned a level 2 spell: Throw Flame
   856 | D:2      | Reached XP level 3. HP: 28/28 MP: 3/6
  1624 | D:2      | Reached XP level 4. HP: 33/36 MP: 5/8
  2029 | D:3      | Learned a level 3 spell: Conjure Flame
  2105 | D:3      | Found a snail-covered altar of Cheibriados.
  2110 | D:3      | Became a worshipper of Cheibriados the Contemplative
  2306 | D:3      | Reached skill level 4 in Fire Magic
  2599 | D:3      | Reached XP level 5. HP: 42/42 MP: 5/9
  2772 | D:4      | Found a shadowy altar of Dithmenos.
  2913 | D:4      | Noticed an ogre
  3274 | D:5      | Entered Level 5 of the Dungeon
  3448 | D:5      | Reached XP level 6. HP: 40/49 MP: 3/13
  3651 | D:5      | Learned a level 5 spell: Fireball
  4069 | D:5      | Noticed an ogre
  4078 | D:5      | Killed an ogre
  4423 | D:5      | Paralysed by a potion of paralysis for 2 turns
  4641 | D:6      | Reached XP level 7. HP: 55/55 MP: 8/15
  4723 | D:6      | Found a staircase to the Ecumenical Temple.
  4733 | Temple   | Entered the Ecumenical Temple
  4820 | D:6      | Noticed Dowan
  4821 | D:6      | Noticed Duvessa
  4830 | D:6      | Killed Duvessa
  4830 | D:6      | Acquired Cheibriados' first power
  4831 | D:6      | Killed Dowan
  4836 | D:6      | Got a wizard robe
  4876 | D:6      | Identified the +2 robe "Gais" {rN+ SInv} (You found it on level 6 of the Dungeon)
  5004 | D:6      | Reached skill level 1 in Evocations
  5215 | D:6      | Reached skill level 5 in Fire Magic
  5335 | D:6      | Found a basalt altar of Yredelemnul.
  5466 | D:6      | Found a shattered altar of Ashenzari.
  5917 | D:6      | Acquired Cheibriados' second power
  5917 | D:6      | Reached XP level 8. HP: 63/63 MP: 7/18
  6118 | D:7      | Noticed Pikel
  6129 | D:7      | Slain by Pikel

Action                   |  1- 3 |  4- 6 |  7- 9 || total
-------------------------+-------+-------+-------++-------
Melee: Unarmed           |     7 |       |     6 ||    13
       Staff             |     6 |     4 |       ||    10
       Mace              |       |    11 |       ||    11
 Cast: Flame Tongue      |    29 |    61 |    46 ||   136
       Throw Flame       |     6 |    31 |    34 ||    71
       Conjure Flame     |       |     1 |     4 ||     5
       Fireball          |       |       |     1 ||     1
Invok: Slouch            |       |       |     1 ||     1
 Abil: Spit Poison       |    48 |    31 |     6 ||    85
Evoke: Wand              |       |     3 |       ||     3
  Use: Potion            |     4 |     2 |     2 ||     8
       Scroll            |       |     3 |     1 ||     4
 Stab: Sleeping          |     1 |       |       ||     1
